 Dungeon Crawl Stone Soup version 0.24.0-123-gd5b16e6ec5 (webtiles) character file.

Game seed: 13295452465088430474, levelgen mode: deterministic

217 FishyPogo the Charmwright (level 5, -5/43 HPs)
             Began as a Gnoll Skald on Jan 29, 2020.
             Hit by a boomerang thrown by an orc warrior (11 damage)
             ... on level 4 of the Dungeon.
             The game lasted 00:08:23 (2020 turns).

FishyPogo the Charmwright (Gnoll Skald)             Turns: 2020, Time: 00:08:24

Health: -5/43      AC:  7    Str: 14    XL:     5   Next: 94%
Magic:  12/12      EV: 13    Int: 15    God:
Gold:   104        SH:  0    Dex: 15    Spells: 3/14 levels left

rFire    . . .     SeeInvis .   a - +0 short sword
rCold    . . .     Gourm    .   (no shield)
rNeg     . . .     Faith    .   o - +1 ring mail
rPois    .         Spirit   .   i - +0 helmet
rElec    .         Reflect  .   q - scarf {cloud immunity}
rCorr    .         Harm     .   (no gloves)
MR       .....                  (no boots)
Stlth    +.........             b - amulet of rage
HPRegen  0.14/turn              (no ring)
MPRegen  0.13/turn              (no ring)

@: no status effects
A: distributed training, fangs 1, strong nose
a: Evoke Berserk Rage


You were on level 4 of the Dungeon.
You were not hungry.

You visited 1 branch of the dungeon, and saw 4 of its levels.

You collected 104 gold pieces.

Inventory:

Hand Weapons
 a - a +0 short sword (weapon)
Missiles
 f - 69 stones
 n - 8 javelins
 p - 7 poisoned darts (quivered)
Armour
 i - a +0 helmet (worn)
 o - a +1 ring mail (worn)
 q - a scarf of cloud immunity (worn)
Jewellery
 b - an amulet of rage (around neck)
Scrolls
 c - 2 scrolls of remove curse
 h - 2 scrolls of teleportation
 k - 3 scrolls of identify
 t - a scroll of enchant weapon {unknown}
Potions
 e - a potion of might {unknown}
 j - a potion of berserk rage {unknown}
 l - a potion of magic {unknown}
 m - a potion of curing
 r - a potion of mutation {unknown}
 s - a potion of flight {unknown}
Comestibles
 d - 11 rations
 g - 4 chunks of flesh


   Skills:
 + Level 4.8 Fighting
 + Level 4.8 Short Blades
 + Level 1.6 Long Blades
 + Level 1.6 Axes
 + Level 1.6 Maces & Flails
 + Level 1.6 Polearms
 + Level 1.6 Staves
 + Level 1.6 Slings
 + Level 1.6 Bows
 + Level 1.6 Crossbows
 + Level 1.6 Throwing
 + Level 3.1 Armour
 + Level 4.8 Dodging
 + Level 1.6 Stealth
 + Level 1.6 Shields
 + Level 1.6 Unarmed Combat
 + Level 5.2 Spellcasting
 + Level 1.3 Conjurations
 + Level 1.3 Hexes
 + Level 5.6 Charms
 + Level 1.3 Summonings
 + Level 1.3 Necromancy
 + Level 1.3 Translocations
 + Level 1.3 Transmutations
 + Level 1.3 Fire Magic
 + Level 1.3 Ice Magic
 + Level 1.3 Air Magic
 + Level 1.3 Earth Magic
 + Level 1.3 Poison Magic
 + Level 1.9 Invocations
 + Level 1.6 Evocations


You had 3 spell levels left.
You knew the following spells:

 Your Spells              Type           Power        Failure   Level  Hunger
h - Regeneration          Chrm/Necr      ##........   22%         3    ###....
n - Spectral Weapon       Hex/Chrm       ##......     22%         3    ###....
p - Shroud of Golubria    Chrm/Tloc      ##....       12%         2    ##.....
u - Song of Slaying       Chrm           ###.....     4%          2    ##.....
y - Infusion              Chrm           ###.         3%          1    None

Your spell library contained the following spells:

 Spells                   Type           Power        Failure   Level  Hunger


Dungeon Overview and Level Annotations

Branches:
Dungeon (4/15)
 Temple: D:4-7

Altars:

Annotations:
D:3 Grinder


Innate Abilities, Weirdness & Mutations

Your experience applies equally to all skills.
You have very sharp teeth.
Your uncanny sense of smell can sniff out nearby items.


Message History

Unknown command.
You hit the orc warrior but do no damage.
The orc warrior is lightly wounded.
The orc warrior barely misses you. The orc hits you.
The orc throws a boomerang.
The boomerang hits you but does no damage.
The weapon returns to the orc!
You hit the orc warrior but do no damage.
The orc warrior is lightly wounded.
The orc closely misses you.
The orc warrior hits you with a +0 long sword!
* * * LOW HITPOINT WARNING * * *
Unknown command.
You are too injured to fight recklessly!
You are too injured to fight recklessly!
The orc throws a boomerang.
The boomerang hits you but does no damage.
The weapon returns to the orc!
The orc barely misses you.
The orc warrior throws a boomerang.
The boomerang hits you!
You die...

##.#.# ###..#.#
#....... ###..#..
##..#.. ##...#.#
#....... ##### #.......
##@..# #......#
#).o.### ####....#
.###.o...####........
...##.......#.........
.....o.o...#...........
.##...o....#.........).
##............>....).
##................... ∆
#..........##....÷)..


You could see an orc warrior and 4 orcs.

Vanquished Creatures
  A centaur skeleton (D:4)
  A hound (D:2)
  A worker ant (D:4)
  A howler monkey skeleton (D:4)
  5 adders
  An ooze (D:1)
  A worm (D:2)
  A dart slug (D:2)
  A leopard gecko (D:4)
  12 orcs
  4 bats
  A giant cockroach (D:4)
  10 goblins
  A hobgoblin (D:1)
  5 kobolds
  A quokka (D:4)
  A ball python (D:4)
  3 frilled lizards
  13 rats
64 creatures vanquished.

Notes
Turn   | Place    | Note
-------+----------+-------------------------------------------
     0 | D:1      | FishyPogo the Gnoll Skald began the quest for the Orb.
     0 | D:1      | Reached XP level 1. HP: 20/20 MP: 6/6
   123 | D:1      | Reached XP level 2. HP: 25/26 MP: 7/7
   348 | D:1      | Learned a level 2 spell: Song of Slaying
   351 | D:1      | Learned a level 2 spell: Shroud of Golubria
   464 | D:1      | Reached skill level 5 in Spellcasting
   464 | D:1      | Reached XP level 3. HP: 31/31 MP: 7/9
   469 | D:1      | Learned a level 3 spell: Regeneration
   473 | D:1      | Learned a level 3 spell: Spectral Weapon
   762 | D:2      | Reached skill level 1 in Invocations
   770 | D:2      | Reached skill level 1 in Long Blades
   770 | D:2      | Reached skill level 1 in Axes
   770 | D:2      | Reached skill level 1 in Maces & Flails
   770 | D:2      | Reached skill level 1 in Polearms
   770 | D:2      | Reached skill level 1 in Staves
   770 | D:2      | Reached skill level 1 in Slings
   770 | D:2      | Reached skill level 1 in Bows
   770 | D:2      | Reached skill level 1 in Crossbows
   770 | D:2      | Reached skill level 1 in Throwing
   770 | D:2      | Reached skill level 1 in Stealth
   770 | D:2      | Reached skill level 1 in Shields
   770 | D:2      | Reached skill level 1 in Unarmed Combat
   770 | D:2      | Reached skill level 1 in Evocations
   770 | D:2      | Reached XP level 4. HP: 12/38 MP: 8/11
  1037 | D:2      | Reached skill level 1 in Conjurations
  1037 | D:2      | Reached skill level 1 in Hexes
  1037 | D:2      | Reached skill level 1 in Summonings
  1037 | D:2      | Reached skill level 1 in Necromancy
  1037 | D:2      | Reached skill level 1 in Translocations
  1037 | D:2      | Reached skill level 1 in Transmutations
  1037 | D:2      | Reached skill level 1 in Fire Magic
  1037 | D:2      | Reached skill level 1 in Ice Magic
  1037 | D:2      | Reached skill level 1 in Air Magic
  1037 | D:2      | Reached skill level 1 in Earth Magic
  1037 | D:2      | Reached skill level 1 in Poison Magic
  1583 | D:3      | Noticed Grinder
  1603 | D:3      | Reached XP level 5. HP: 20/43 MP: 12/12
  1904 | D:4      | Noticed an orc warrior
  2020 | D:4      | Hit by a boomerang thrown by an orc warrior

Levels and vault maps discovered:
D:1:      minmay_arrival_stone_box, layout_loops_ring, minmay_rat_gold_closets
D:2:      layout_loops_ring, serial_bayou_ford_a
D:3:      layout_basic, overflow_temple_1_default, first_ration,
          kennysheep_generic_room_12, uniq_grinder, uniq_crazy_yiuf_cottage,
          uniq_jessica, uniq_ijyb
D:4:      layout_cave_pools, vehumet_altar_wand_db, serial_column_ruins,
          column_ruins_open_medium, column_ruins_columns_straight,
          column_ruins_grid_3, column_ruins_open_medium,
          column_ruins_columns_straight, column_ruins_columns_corner,
          chequers_ossuary_entry_cave

Skill      XL: |  1  2  3  4  5 |
---------------+----------------+-----
Spellcasting   | 5 |  5.2
Invocations    | 1 |  1.9
Long Blades    | 1 |  1.6
Axes           | 1 |  1.6
Maces & Flails | 1 |  1.6
Polearms       | 1 |  1.6
Staves         | 1 |  1.6
Slings         | 1 |  1.6
Bows           | 1 |  1.6
Crossbows      | 1 |  1.6
Throwing       | 1 |  1.6
Stealth        | 1 |  1.6
Shields        | 1 |  1.6
Unarmed Combat | 1 |  1.6
Evocations     | 1 |  1.6
Conjurations   | 1 |  1.3
Hexes          | 1 |  1.3
Summonings     | 1 |  1.3
Necromancy     | 1 |  1.3
Translocations | 1 |  1.3
Transmutations | 1 |  1.3
Fire Magic     | 1 |  1.3
Ice Magic      | 1 |  1.3
Air Magic      | 1 |  1.3
Earth Magic    | 1 |  1.3
Poison Magic   | 1 |  1.3
Armour         | 3 |  3.1
Fighting       | |  4.8
Short Blades   | |  4.8
Dodging        | |  4.8
Charms         | |  5.6

Action                   |  1- 3 |  4- 6 || total
-------------------------+-------+-------++-------
Melee: Short sword       |    93 |   139 ||   232
       Bite              |     3 |    14 ||    17
Throw: Stone             |     1 |     6 ||     7
       Dart              |       |     3 ||     3
 Cast: Shroud of Golubri |     1 |     6 ||     7
       Song of Slaying   |     1 |     1 ||     2
       Regeneration      |       |     6 ||     6
       Infusion          |       |     1 ||     1
 Abil: Evoke Berserk Rag |       |     1 ||     1
  Use: Scroll            |       |     6 ||     6
 Stab: Sleeping          |     4 |     2 ||     6
  Eat: Chunk             |       |     6 ||     6
Armor: Leather armour    |    13 |       ||    13
       Ring mail         |     5 |    46 ||    51
Dodge: Dodged            |    48 |    93 ||   141
